 Dungeon Crawl Stone Soup version 0.20.1-1-g8b1a95d (webtiles) character file.

13836 Folque the Destroyer (level 12, -12/83 HPs)
             Began as a Human Conjurer on Nov 2, 2017.
             Was an Elder of Sif Muna.
             Hit by a large rock thrown by a cyclops (34 damage)
             ... on level 10 of the Dungeon.
             The game lasted 01:26:29 (15294 turns).

Folque the Destroyer (Human Conjurer)              Turns: 15294, Time: 01:26:30

Health: -12/83     AC:  8    Str:  9    XL:     12   Next: 37%
Magic:  22/44      EV: 12    Int: 21    God:    Sif Muna [****..]
Gold:   518        SH:  5    Dex: 13    Spells: 3/31 levels left

rFire    + . .     SeeInvis .   B - +8 rapier of Disgust {pierce, rF+ rN++ MR+ MP+9}
rCold    . . .     Gourm    .   I - +0 buckler
rNeg     + + .     Faith    .   S - +3 leather armour
rPois    +         Spirit   .   o - +2 hat
rElec    .         Reflect  .   (no cloak)
rCorr    .         Harm     .   (no gloves)
MR       +....                  (no boots)
Stlth    ++........             s - amulet of magic regeneration
Regen    0.3/turn               C - ring of poison resistance
MPRegen  0.5/turn               u - ring of magical power

@: divine energy
A: no striking features
a: Stop Divine Energy, Channel Magic, Forget Spell, Renounce Religion


You were on level 10 of the Dungeon.
You worshipped Sif Muna.
Sif Muna was greatly pleased with you.
You were hungry.

You visited 3 branches of the dungeon, and saw 13 of its levels.

You collected 518 gold pieces.

Inventory:

Hand Weapons
 d - a +4 spear
 l - the +3 dagger "Pucamefo" {speed, rF+}
   (You found it on level 4 of the Dungeon)

   Attacks with this weapon are significantly faster.
   It protects you from fire.
 B - the +8 rapier of Disgust (weapon) {pierce, rF+ rN++ MR+ MP+9}
   (You found it on level 7 of the Dungeon)

   It inflicts extra damage upon your enemies.
   It protects you from fire.
   It greatly protects you from negative energy.
   It affects your resistance to hostile enchantments.
   It affects your magic capacity (+9).
Missiles
 n - 5 steel javelins (quivered)
Armour
 a - a +0 robe
 o - a +2 hat (worn)
 I - a +0 buckler (worn)
 S - a +3 leather armour (worn)
Jewellery
 q - an uncursed ring of flight
 r - an uncursed ring of stealth
 s - an amulet of magic regeneration (around neck)
 u - a ring of magical power (right hand)
 C - a ring of poison resistance (left hand)
 O - an uncursed amulet of regeneration {unknown}
 P - an uncursed ring of positive energy {unknown}
 R - an uncursed ring of stealth
Wands
 m - a wand of acid (0/15)
 t - a wand of flame (29/48)
 E - a wand of acid (0/15)
 L - a wand of enslavement (12/24)
 N - a wand of disintegration (4/24)
 Q - a wand of lightning (7/15)
Scrolls
 f - 13 scrolls of identify
 h - 2 scrolls of random uselessness {unknown}
 k - 6 scrolls of remove curse
 p - 2 scrolls of amnesia
 w - 5 scrolls of immolation {unknown}
 y - a scroll of magic mapping
 A - a scroll of brand weapon {unknown}
 G - a scroll of torment {unknown}
 H - 2 scrolls of fear
 T - a scroll of vulnerability {unknown}
Potions
 z - 3 potions of curing {unknown}
 D - a potion of ambrosia {unknown}
 F - a potion of might {unknown}
 J - a potion of brilliance {unknown}
 K - 2 potions of flight {unknown}
Books
 b - a book of Conjurations

   Spells                             Type                      Level
   a - Magic Dart                     Conjuration                  1
   b - Searing Ray                    Conjuration                  2
   c - Dazzling Spray                 Conjuration/Hexes            3
   d - Fulminant Prism                Conjuration/Hexes            4
   e - Force Lance                    Conjuration/Translocation    4
   f - Iskenderun's Mystic Blast      Conjuration                  4
 v - a book of Maledictions

   Spells                             Type                      Level
   a - Corona                         Hexes                        1
   b - Ensorcelled Hibernation        Hexes/Ice                    2
   c - Confuse                        Hexes                        3
   d - Tukima's Dance                 Hexes                        3
   e - Dazzling Spray                 Conjuration/Hexes            3
 x - a book of Callings

   Spells                             Type                      Level
   a - Summon Small Mammal            Summoning                    1
   b - Call Imp                       Summoning                    2
   c - Call Canine Familiar           Summoning                    3
   d - Summon Guardian Golem          Hexes/Summoning              3
   e - Summon Lightning Spire         Summoning/Air                4
   f - Summon Ice Beast               Ice/Summoning                4
 M - a book of Power

   Spells                             Type                      Level
   a - Iskenderun's Battlesphere      Conjuration/Charms           5
   b - Venom Bolt                     Conjuration/Poison           5
   c - Bolt of Magma                  Conjuration/Fire/Earth       5
   d - Iron Shot                      Conjuration/Earth            6
   e - Orb of Destruction             Conjuration                  7
   f - Spellforged Servitor           Conjuration/Summoning        7
Miscellaneous
 e - a phantom mirror
Comestibles
 c - 10 bread rations
 g - 8 fruits
 i - a meat ration
 j - 5 royal jellies


   Skills:
 - Level 4.0 Fighting
 - Level 4.2 Short Blades
 - Level 1.0 Armour
 - Level 2.0 Dodging
 - Level 2.0 Stealth
 - Level 6.4 Shields
 - Level 10.4 Spellcasting
 + Level 10.9 Conjurations
 * Level 3.2 Charms
 - Level 3.1 Translocations
 - Level 3.2 Fire Magic
 - Level 1.2 Earth Magic
 - Level 5.1 Invocations


You had 3 spell levels left.
You knew the following spells:

 Your Spells              Type           Power        Failure   Level  Hunger
a - Magic Dart            Conj           ####         1%          1    None
b - Searing Ray           Conj           ######       1%          2    None
c - Dazzling Spray        Conj/Hex       ####..       2%          3    None
d - Force Lance           Conj/Tloc      #####...     4%          4    ##.....
e - Iskenderun's Mystic   Conj           ######..     1%          4    ##.....
f - Bolt of Magma         Conj/Fire/Erth ####......   28%         5    ####...
g - Summon Lightning Spi  Summ/Air       ##......     63%         4    ##.....
h - Iskenderun's Battles  Conj/Chrm      #####...     13%         5    ####...


Dungeon Overview and Level Annotations

Branches:
Dungeon (11/15)            Temple (1/1) D:5            Lair (1/6) D:8
    Orc: D:9-12

Altars:
Ashenzari
Cheibriados
Dithmenos
Elyvilon
Fedhas
Gozag
Hepliaklqana
Kikubaaqudgha
Makhleb
Nemelex Xobeh
Okawaru
Qazlal
Ru
Sif Muna
Trog
Uskayaw
Vehumet
Xom
Yredelemnul
Zin
The Shining One

Shops:
D:5 }

Annotations:
D:4 2 transporters
D:10 exclusion: killer bee
D:11 Milesaru's ghost, journeyman DgTm


Message History

Casting: Iskenderun's Mystic Blast
Confirm with . or Enter, or press ? or * to list all spells.
Aiming: Force Lance
Press: ? - help, Shift-Dir - straight line, f/p - cyclops
Aim: a cyclops (almost dead)
The lance of force hits the cyclops.
The cyclops is almost dead.
The cyclops throws a large rock.
The large rock hits you!!!
* * * LOW HITPOINT WARNING * * *
All of the chunks of flesh in your inventory have rotted away.
Casting: Force Lance
Confirm with . or Enter, or press ? or * to list all spells.
Aiming: Iskenderun's Mystic Blast
Press: ? - help, Shift-Dir - straight line, f/p - cyclops
Aim: a cyclops (almost dead)
The orb of energy hits the cyclops.
The cyclops is almost dead.
The orb of energy explodes!
The cyclops throws a large rock.
The large rock hits you!!
You die...

#.# #(.......# #
##.# #...####.#
## ##..# ##..##
#.#### .##
##..## ##[..#
#.....
..####..##
#...## ######
.......## ##[.##
# #.....##
##..## # ##....#
##..## # ##...##
##@.## # #.....#
##..## #
#.....## ##..##
# .......##
##C.## #
.#####..####..##
## ## ##..#...##
##. # ##....##
########..
#...##
##(........
##[##
##)###......


You could see a cyclops.

Vanquished Creatures
  A hydra (Lair:1)
  A centaur warrior (D:10)
  2 two-headed ogres
  A deep elf mage (D:11)
  A manticore (D:11)
  A centaur zombie (D:10)
  A spiny frog (Lair:1)
  A gargoyle (D:10)
  A komodo dragon (Lair:1)
  5 blink frogs (Lair:1)
  3 hippogriffs
  19 yaks
  A wyvern (D:10)
  A hungry ghost (D:9)
  3 water moccasins
  2 porcupines (Lair:1)
  2 orc warriors
  3 phantoms
  A sky beast (D:5)
  2 necrophages
  4 ogres
  2 centaurs
  4 crocodiles (Lair:1)
  2 big kobolds (D:10)
  4 bullfrogs
  A water moccasin skeleton (D:10)
  9 killer bees
  4 wights
  6 howler monkeys
  5 crimson imps
  2 centaur skeletons
  A jelly (D:11)
  5 orc priests
  6 hounds
  2 iguanas
  6 worker ants
  9 orc wizards
  A hound skeleton (D:7)
  A worker ant zombie (D:6)
  4 gnolls
  9 adders
  2 shadow imps
  An ooze (D:5)
  An adder zombie (D:9)
  4 worms
  4 leopard geckos
  48 orcs
  8 giant cockroaches
  6 hobgoblins
  18 jackals
  11 kobolds
  8 quokkas
  A ball python (D:6)
  4 bats
  A frilled lizard (D:1)
  8 goblins
  A jackal skeleton (D:7)
  A leopard gecko skeleton (D:4)
  A leopard gecko zombie (D:8)
  A quokka zombie (D:7)
  3 rats
271 creatures vanquished.

Vanquished Creatures (others)
  An orc (D:7)
  A fungus (Lair:1)
2 creatures vanquished.

Grand Total: 273 creatures vanquished

Notes
Turn   | Place    | Note
-------+----------+-------------------------------------------
     0 | D:1      | Folque the Human Conjurer began the quest for the Orb.
     0 | D:1      | Reached XP level 1. HP: 13/13 MP: 3/3
   421 | D:1      | Reached skill level 1 in Fighting
   421 | D:1      | Reached XP level 2. HP: 21/21 MP: 3/5
   903 | D:2      | Reached XP level 3. HP: 25/27 MP: 0/6
  1045 | D:2      | Learned a level 2 spell: Searing Ray
  1049 | D:2      | Learned a level 3 spell: Dazzling Spray
  1822 | D:2      | Reached XP level 4. HP: 34/34 MP: 7/7
  2546 | D:3      | Found a faded altar of an unknown god.
  2939 | D:3      | Reached XP level 5. HP: 41/41 MP: 1/9
  3943 | D:4      | Noticed a phantom
  4083 | D:4      | You fall through a shaft for 2 floors!
  4113 | D:5      | Entered Level 5 of the Dungeon
  4113 | D:5      | Noticed an ogre
  4122 | D:6      | Learned a level 4 spell: Force Lance
  4541 | D:6      | Found a stormy altar of Qazlal.
  4543 | D:6      | Found an ancient bone altar of Kikubaaqudgha.
  4544 | D:6      | Found a shattered altar of Ashenzari.
  4545 | D:6      | Found a glowing silver altar of Zin.
  4545 | D:6      | Found a shadowy altar of Dithmenos.
  4604 | D:6      | Noticed a necrophage
  4617 | D:6      | Killed a necrophage
  4617 | D:6      | Reached XP level 6. HP: 42/48 MP: 0/11
  4763 | D:5      | HP: 2/72 [ogre/giant club (7)]
  4771 | D:5      | Killed an ogre
  4771 | D:5      | Reached skill level 5 in Conjurations
  5001 | D:5      | Noticed a sky beast
  5002 | D:5      | Found Avuafo's Gadget Shop.
  5010 | D:5      | Killed a sky beast
  5010 | D:5      | Reached XP level 7. HP: 27/53 MP: 4/13
  5479 | D:5      | Found a staircase to the Ecumenical Temple.
  6094 | D:4      | Got a bloodstained dagger
  6095 | D:4      | Identified the +3 dagger "Pucamefo" {speed, rF+} (You found it on level 4 of the Dungeon)
  6166 | D:4      | Reached XP level 8. HP: 60/60 MP: 10/15
  6201 | D:4      | Noticed a troll
  6205 | D:4      | Found a transporter.
  6205 | D:4      | Found an opulent altar of Gozag.
  6210 | D:4      | Found a transporter.
  6295 | D:4      | Learned a level 4 spell: Iskenderun's Mystic Blast
  6467 | D:5      | Reached skill level 5 in Spellcasting
  6548 | D:5      | Reached skill level 1 in Translocations
  7837 | Temple   | Entered the Ecumenical Temple
  7981 | Temple   | Became a worshipper of Sif Muna the Loreminder
  8145 | D:7      | Got a pitted rapier
  8146 | D:7      | Identified the +8 rapier of Disgust {pierce, rF+ rN++ MR+ MP+9} (You found it on level 7 of the Dungeon)
  8327 | D:7      | Reached XP level 9. HP: 65/65 MP: 5/17
  8812 | D:7      | Reached * piety under Sif Muna
  8814 | D:7      | Reached skill level 1 in Short Blades
  9873 | D:8      | Found a staircase to the Lair.
 10222 | D:9      | Noticed a hippogriff
 10223 | D:9      | Noticed a two-headed ogre
 10235 | D:8      | Killed a hippogriff
 10374 | Lair:1   | Entered Level 1 of the Lair of Beasts
 10416 | Lair:1   | Noticed a blink frog
 10416 | Lair:1   | Noticed a blink frog
 10425 | Lair:1   | Noticed a blink frog
 10428 | Lair:1   | Noticed a blink frog
 10431 | Lair:1   | Noticed a blink frog
 10451 | Lair:1   | Killed a blink frog
 10451 | Lair:1   | Killed a blink frog
 10451 | Lair:1   | Reached ** piety under Sif Muna
 10451 | Lair:1   | Reached XP level 10. HP: 31/71 MP: 7/21
 11102 | Lair:1   | Reached skill level 1 in Shields
 11341 | Lair:1   | Noticed a komodo dragon
 11353 | Lair:1   | Killed a komodo dragon
 11567 | Lair:1   | Noticed a six-headed hydra
 11575 | Lair:1   | Killed a six-headed hydra
 11741 | Lair:1   | Reached skill level 10 in Conjurations
 11958 | Lair:1   | Reached XP level 11. HP: 66/77 MP: 23/23
 11965 | Lair:1   | Reached skill level 5 in Shields
 11968 | Lair:1   | Reached *** piety under Sif Muna
 12491 | D:9      | Killed a two-headed ogre
 12517 | D:9      | Learned a level 5 spell: Bolt of Magma
 12606 | D:9      | Reached skill level 1 in Fire Magic
 12612 | D:9      | Learned a level 4 spell: Summon Lightning Spire
 12772 | D:9      | Found an iron altar of Okawaru.
 13009 | D:10     | Entered Level 10 of the Dungeon
 13060 | D:10     | Reached skill level 1 in Armour
 13088 | D:10     | Found a hazy altar of Hepliaklqana.
 13246 | D:10     | Reached skill level 1 in Earth Magic
 13691 | D:10     | Noticed a two-headed ogre
 13696 | D:10     | Killed a two-headed ogre
 13767 | D:10     | Reached **** piety under Sif Muna
 14082 | D:10     | Noticed a centaur warrior
 14093 | D:10     | Killed a centaur warrior
 14093 | D:10     | Reached skill level 10 in Spellcasting
 14093 | D:10     | Reached XP level 12. HP: 37/83 MP: 11/26
 14829 | D:11     | Reached skill level 5 in Invocations
 14948 | D:11     | Learned a level 5 spell: Iskenderun's Battlesphere
 15041 | D:11     | Reached skill level 1 in Charms
 15114 | D:11     | Noticed Milesaru's ghost (journeyman DgTm)
 15237 | D:11     | Noticed a two-headed ogre
 15294 | D:10     | Hit by a large rock thrown by a cyclops

Skill      XL: |  1  2  3  4  5  6  7  8  9 10 11 12 |
---------------+-------------------------------------+-----
Fighting       | 1 2 3 4 |  4.0
Spellcasting   | 3 4 5 7 8 10 | 10.4
Conjurations   | 5 6 8 9 10 | 10.9
Translocations | 3 |  3.1
Short Blades   | 3 4 |  4.2
Shields        | 4 6 |  6.4
Fire Magic     | 3 |  3.2
Armour         | 1 |  1.0
Earth Magic    | 1 |  1.2
Invocations    | 4 5 |  5.1
Charms         | 3 |  3.2
Dodging        | |  2.0
Stealth        | |  2.0

Action                   |  1- 3 |  4- 6 |  7- 9 | 10-12 || total
-------------------------+-------+-------+-------+-------++-------
Melee: Spear             |    62 |    67 |    83 |       ||   212
       Dagger            |       |       |    43 |       ||    43
       Rapier            |       |       |    63 |   142 ||   205
Throw: Throwing net      |       |     1 |     1 |       ||     2
       Javelin           |       |       |    11 |     5 ||    16
 Cast: Magic Dart        |    28 |    14 |    26 |    16 ||    84
       Searing Ray       |     4 |    17 |    21 |    14 ||    56
       Dazzling Spray    |       |     5 |    33 |    40 ||    78
       Force Lance       |       |     2 |    34 |    77 ||   113
       Iskenderun's Myst |       |       |    14 |    62 ||    76
       Iskenderun's Batt |       |       |       |     2 ||     2
Invok: Divine Energy     |       |       |       |     1 ||     1
Evoke: Wand              |       |       |     1 |     5 ||     6
  Use: Scroll            |     4 |     6 |     3 |     3 ||    16
       Potion            |       |     2 |     1 |     1 ||     4
 Stab: Sleeping          |     2 |       |     4 |       ||     6
       Invisible         |       |     2 |       |     2 ||     4
  Eat: Chunk             |     4 |     9 |    26 |    14 ||    53
       Fruit             |       |     1 |     1 |       ||     2
       Bread ration      |       |     1 |       |     1 ||     2
       Meat ration       |       |       |       |     1 ||     1
Armor: Robe              |     8 |    21 |    32 |     7 ||    68
       Skin              |       |    14 |       |       ||    14
       Leather armour    |       |       |       |    45 ||    45
Dodge: Dodged            |    29 |    78 |   139 |    91 ||   337
Block: Buckler           |       |       |       |    37 ||    37
